Cogmind - Beta 14 @@@ ROGUE MODE // 2024.09.21 @ 02:23:57 Player: ConfuseRay Result: Self-destructed Performance ------------- Evolutions (3) 1500 Regions Visited (10) 2000 Robots Destroyed (89) 445 Value Destroyed (3122) 3122 Prototype IDs (26) 520 Alien Tech Used (0) 0 Bonus (743) 743 TOTAL SCORE: 8330 Bonus ------- High Alert Combat Kills 85 Follower Combat Kills 75 Aligned with FarCom 300 Met Imprinter 300 Friendly Fire -17 Cogmind --------- Core Integrity 306/700 Matter 290/300 Energy 290/290 System Corruption 0% Temperature Cool (0) Movement Treading (163) Location -6/Proximity Caves Parts ------- > --- POWER (1) -------- Improved Deuterium Engine > --- PROPULSION (4) --- Light Treads Armored Treads Medium Treads Wheel > --- UTILITY (5) ------ High-capacity Storage Unit Improved Signal Interpreter Improved Utility Shielding Graphene Brace System Shield > --- WEAPON (3) ------- Makeshift Laser AWS/Thermal > --- INVENTORY (20) --- Light Nuclear Core Reinforced Deuterium Engine Micro Nuclear Core Neutrino Core Advanced Heat Sink Recoil Stabilizer Matter Filter Kinecellerator Hardened Medium Armor Plating Makeshift Hacking Suite Recalibrator Hacking Drone Bay Beamcaster Heavy Beamcaster CR-A16's Pointy Stick Peak State ------------ > --- POWER ------------ Improved Deuterium Engine > --- PROPULSION ------- Light Treads Armored Treads Medium Treads Wheel > --- UTILITY ---------- Large Storage Unit Improved Signal Interpreter Improved Utility Shielding Graphene Brace System Shield > --- WEAPON ----------- AWS/Thermal CR-A16's Pointy Stick > --- INVENTORY -------- Light Nuclear Core Improved Deuterium Engine Reinforced Deuterium Engine Micro Nuclear Core Neutrino Core Advanced Heat Sink Compact Battery Recoil Stabilizer Matter Filter Kinecellerator Makeshift Hacking Suite Recalibrator Heavy Ion Cannon Greatsword [Rating: 56] Favorites ----------- Power Improved Deuterium Engine Engine Improved Deuterium Engine Power Core Enhanced Nuclear Core Propulsion Light Treads Treads Light Treads Leg Aluminum Leg Wheel Wheel Utility Improved Signal Interpreter Device Graphene Brace Storage Large Storage Unit Processor Improved Signal Interpreter Hackware System Shield Protection Improved Utility Shielding Weapon Autogun Energy Gun AWS/Thermal Ballistic Gun Autogun Ballistic Cannon Heavy Assault Cannon Special Weapon Mining Laser Piercing Weapon CR-A16's Pointy Stick Build | -11 -10 -10 -10 -9 -8 -7 -7 -7 -7 -6 ------- Run | Yrd Mat Min Exi Min Mat Fac Low Low Zio Pro Slots Evolved 6 | . . . . . 4 2 . . . . Power . | . . . . . . . . . . . Propulsion 2 | . . . . . 2 . . . . . Utility 3 | . . . . . 2 1 . . . . Weapon 1 | . . . . . . 1 . . . . Parts Attached 80 | 8 8 4 1 . 34 13 5 4 2 1 Power 12 | 1 1 1 . . 4 3 1 1 . . Engine 5 | 1 1 1 . . . . 1 1 . . Core 7 | . . . . . 4 3 . . . . Reactor . | . . . . . . . . . . . Propulsion 32 | 4 1 2 . . 19 5 . 1 . . Treads 21 | 2 . 1 . . 13 4 . 1 . . Leg 6 | 2 1 . . . 3 . . . . . Wheel 5 | . . 1 . . 3 1 . . . . Hover . | . . . . . . . . . . . Flight . | . . . . . . . . . . . Utility 18 | 1 1 1 1 . 5 3 3 2 1 . Device 8 | . 1 . . . 3 1 1 2 . . Storage 5 | 1 . 1 1 . 1 . . . 1 . Processor 1 | . . . . . 1 . . . . . Hackware 1 | . . . . . . 1 . . . . Protection 3 | . . . . . . 1 2 . . . Artifact . | . . . . . . . . . . . Weapon 18 | 2 5 . . . 6 2 1 . 1 1 Energy Gun 5 | . 2 . . . 1 1 . . . 1 Energy Cannon . | . . . . . . . . . . . Ballistic Gun 10 | 2 2 . . . 5 . 1 . . . Ballistic Cannon 1 | . . . . . . 1 . . . . Launcher . | . . . . . . . . . . . Special Weapon 1 | . 1 . . . . . . . . . Impact Weapon . | . . . . . . . . . . . Slashing Weapon . | . . . . . . . . . . . Piercing Weapon 1 | . . . . . . . . . 1 . Special Melee Weapon . | . . . . . . . . . . . Unidentified Prototypes 3 | . . 1 . . 1 1 . . . . Parts Lost 24 | . . . . . 12 6 3 3 . . Power 4 | . . . . . 2 . 1 1 . . Propulsion 9 | . . . . . 5 3 . 1 . . Utility 4 | . . . . . 1 1 2 . . . Weapon 7 | . . . . . 4 2 . 1 . . Highest Loss Streak 5 | . . . . . 3 5 2 2 . . To Critical Strikes . | . . . . . . . . . . . Average Slot Usage (%) 93 | . 98 100 100 100 98 84 91 86 91 92 Engine 7 | . 14 14 14 14 6 . 6 5 7 7 Core 1 | . . . . . 2 6 . . . . Treads 20 | . . 6 14 14 23 22 23 23 23 23 Leg 2 | . 28 14 . . 3 . . . . . Wheel 7 | . . 7 14 14 7 6 7 7 7 7 Device 8 | . 12 14 12 . 11 10 6 7 7 7 Storage 10 | . 14 14 15 28 15 7 7 7 7 7 Processor 5 | . . . . . 8 7 7 7 7 7 Hackware 4 | . . . . . . 5 7 7 7 7 Protection 3 | . . . . . . 1 7 7 7 7 Energy Gun 4 | . 5 . . . . 2 7 7 7 7 Ballistic Gun 9 | . 20 28 28 28 16 4 6 3 . . Piercing Weapon 1 | . . . . . . . . . 6 7 Peak Build Rating 56 | 6 10 20 22 22 41 41 49 52 56 56 Average Rating 39 | 4 7 14 20 22 33 37 48 49 55 56 On Entrance 28 | . 6 10 20 22 22 32 41 49 52 56 Naked Turns . | . . . . . . . . . . . Heaviest Build 64 | 11 17 25 34 34 45 51 42 42 64 64 Greatest Support 68 | 40 20 20 10 10 60 60 60 68 68 68 Greatest Overweight (x) 5 | . . 2 3 3 4 5 4 . 4 . Average Overweight (x) 1 | . . 1 2 3 2 3 3 . . . Largest Inventory Capacity 20 | 8 8 8 10 10 15 15 15 15 20 20 Average Capacity 13 | 6 8 6 5 10 13 15 15 15 16 20 Most Carried 16 | 5 8 8 5 5 15 15 13 15 16 15 Average Carried 11 | 3 7 6 4 5 11 11 11 12 14 15 Final Capacity 20 | 8 8 5 10 10 15 15 15 15 20 20 Final Carried 15 | 4 8 4 5 5 15 10 13 15 15 15 Class Distribution -------------------- 48% | Scavenger-Mutant 30% | Mutant 13% | Scavenger-Tank 8% | Scavenger-Skirmisher Dominant Class ---------------- Mutant | -10/Materials Mutant | -10/Mines Mutant | -10/Exiles Mutant | -9/Mines Scavenger-Mutant | -8/Materials Scavenger-Skirmisher | -7/Factory Scavenger-Tank | -7/Lower Caves Scavenger-Mutant | -7/Lower Caves Scavenger-Mutant | -7/Zion Scavenger-Mutant | -6/Proximity Caves Resources | -11 -10 -10 -10 -9 -8 -7 -7 -7 -7 -6 ----------- Run | Yrd Mat Min Exi Min Mat Fac Low Low Zio Pro Matter Collected 2862 | 210 240 275 . 67 1464 327 168 91 20 . Remotely . | . . . . . . . . . . . Salvage Created 3557 | . 226 165 . . 1688 327 671 334 57 89 Parts 179 | . 12 12 . . 99 11 25 17 2 1 Haulers Intercepted 2 | . . . . . 2 . . . . . Recyclers Shooed . | . . . . . . . . . . . Parts Field Recycled . | . . . . . . . . . . . Retrieved Matter . | . . . . . . . . . . . Parts Self-Destructed 50 | . . . . . . . 29 19 2 . Prevented . | . . . . . . . . . . . Kills | -11 -10 -10 -10 -9 -8 -7 -7 -7 -7 -6 ------- Run | Yrd Mat Min Exi Min Mat Fac Low Low Zio Pro Combat Hostiles Destroyed 80 | . 7 4 . . 38 7 13 8 1 2 Guns 75 | . 7 4 . . 38 3 12 8 1 2 Cannons 4 | . . . . . . 4 . . . . Classes Destroyed 12 | . 3 1 . . 7 . . 1 . . Worker 4 | . . . . . 4 . . . . . Hauler 2 | . . . . . 2 . . . . . Recycler 1 | . . 1 . . . . . . . . Watcher 2 | . 1 . . . . 1 . . . . Swarmer 23 | . 3 2 . . 12 1 1 3 . 1 Grunt 33 | . 4 2 . . 17 3 4 3 . . Brawler 4 | . . . . . 1 . 2 . . 1 Duelist 8 | . . . . . 2 2 3 1 . . Sentry 6 | . . . . . 4 1 1 . . . Specialist 1 | . . . . . 1 . . . . . Hunter 2 | . . . . . . . . 1 1 . Heavy 1 | . . . . . 1 . . . . . Wasp 2 | . . . . . . . 2 . . . Best Kill Streak 13 | . 5 5 . . 13 3 8 4 1 2 Combat Bots Only 12 | . 5 4 . . 12 3 8 4 1 2 Max Kills in Single Turn 2 | . 1 1 . . 2 1 1 1 1 1 Gunslinging 1 | . . . . . 1 . . . . . Exploded . | . . . . . . . . . . . Melee . | . . . . . . . . . . . Uniques/NPCs Destroyed . | . . . . . . . . . . . Combat | -11 -10 -10 -10 -9 -8 -7 -7 -7 -7 -6 -------- Run | Yrd Mat Min Exi Min Mat Fac Low Low Zio Pro Hostile Shots Fired 504 | . 32 14 . . 224 130 52 36 4 12 Missed 158 | . 8 5 . . 68 46 14 11 2 4 Damage Taken 5179 | . 214 104 . . 2242 1343 711 377 35 153 Core 694 | . 47 21 . . 232 243 31 45 . 75 Absorbed by Shields 364 | . . . . . 316 48 . . . . Redirected to Shielding 61 | . . . . . . 11 50 . . . Core Remaining (%) 76 | 100 . . . 72 57 . . . . . Volleys Fired 252 | 1 26 7 . . 152 35 9 22 . . Largest 2 | 2 2 2 . . 2 2 1 1 . . Hottest 100 | 40 100 46 . . 90 85 25 25 . . Shots Fired 571 | 2 49 14 . . 283 80 82 48 5 8 Gun 547 | 2 46 14 . . 283 59 82 48 5 8 Cannon 21 | . . . . . . 21 . . . . Launcher . | . . . . . . . . . . . Special 3 | . 3 . . . . . . . . . Kinetic 408 | 2 28 14 . . 277 56 9 22 . . Thermal 163 | . 21 . . . 6 24 73 26 5 8 Explosive . | . . . . . . . . . . . Electromagnetic . | . . . . . . . . . . . Robot Hit Streak 30 | . 13 7 . . 21 13 30 4 8 5 Robot Miss Streak 7 | . 4 1 . . 7 2 3 2 . 3 Penetration Max . | . . . . . . . . . . . Secondary Targets 8 | . 3 . . . 5 . . . . . Max Gunslinging Chain 1 | . 1 . . . 1 . . . . . Autonomous 138 | . . . . . . 24 73 27 5 9 Shots Hit Robots 409 | . 30 9 . . 201 56 69 34 5 5 Core Hits 161 | . 14 6 . . 81 19 22 13 2 4 Critical Kills 1 | . . . . . 1 . . . . . Critical Parts Destroyed 4 | . . . . . 3 . 1 . . . Critical Strikes 6 | . . . . . 4 1 1 . . . Destroy 5 | . . . . . 4 . 1 . . . Blast 1 | . . . . . . 1 . . . . Melee Attacks 1 | . . . . . . . . . 1 . Impact . | . . . . . . . . . . . Slashing . | . . . . . . . . . . . Piercing 1 | . . . . . . . . . 1 . Sneak Attacks . | . . . . . . . . . . . Combat Hostiles . | . . . . . . . . . . . Follow-up Attacks . | . . . . . . . . . . . Damage Inflicted 8564 | . 369 150 . . 3287 1585 2021 853 151 148 Guns 7892 | . 345 150 . . 3287 937 2021 853 151 148 Cannons 648 | . . . . . . 648 . . . . Explosions . | . . . . . . . . . . . Melee . | . . . . . . . . . . . Ramming . | . . . . . . . . . . . Kinetic 4891 | . 210 150 . . 3192 1071 94 174 . . Thermal 3673 | . 159 . . . 95 514 1927 679 151 148 Explosive . | . . . . . . . . . . . Electromagnetic . | . . . . . . . . . . . Impact . | . . . . . . . . . . . Slashing . | . . . . . . . . . . . Piercing . | . . . . . . . . . . . Highest Corruption 1 | . . . . . . . 1 1 1 . Average Corruption 1 | . . . . . . . 1 1 1 . Corruption Purged . | . . . . . . . . . . . Corruption Blocked . | . . . . . . . . . . . Effects 9 | . . . . . . . 6 2 1 . Message Errors 2 | . . . . . . . 1 1 . . Matter Fused 1 | . . . . . . . 1 . . . Heat Flow Errors 1 | . . . . . . . 1 . . . Data Loss (minor) 4 | . . . . . . . 2 1 1 . Data Loss (major) 1 | . . . . . . . 1 . . . Overload Shots . | . . . . . . . . . . . Overflow Damage 26 | . 2 . . . . 24 . . . . Projectiles 26 | . 2 . . . . 24 . . . . Explosions . | . . . . . . . . . . . Melee . | . . . . . . . . . . . Knockbacks 7 | . . . . . . 7 . . . . Impact . | . . . . . . . . . . . Kinetic 7 | . . . . . . 7 . . . . Secondary . | . . . . . . . . . . . Self-Inflicted Damage 34 | . . . . . . 34 . . . . Shots 1 | . . . . . . 1 . . . . Rammed . | . . . . . . . . . . . Targets Rammed . | . . . . . . . . . . . Kicked . | . . . . . . . . . . . Crushed . | . . . . . . . . . . . Highest Temperature 259 | . 27 37 . . 156 148 259 6 . . Average Temperature 34 | . 11 17 . . 30 47 111 6 . . Received Heat Transfer 1304 | . 51 45 . . 718 238 198 27 . 27 Siege Activations . | . . . . . . . . . . . Robots Corrupted . | . . . . . . . . . . . Combat Hostiles . | . . . . . . . . . . . Parts Fried . | . . . . . . . . . . . Impact Corruptions . | . . . . . . . . . . . Robots Melted 1 | . . . . . . . 1 . . . Combat Hostiles 1 | . . . . . . . 1 . . . Parts Melted 6 | . . . . . 4 . 1 1 . . Heat Transferred 4901 | . 350 . . . 222 666 2442 851 185 185 Parts Sabotaged . | . . . . . . . . . . . Parts Stolen . | . . . . . . . . . . . Parts Stripped . | . . . . . . . . . . . Power Chain Reactions . | . . . . . . . . . . . Alert | -11 -10 -10 -10 -9 -8 -7 -7 -7 -7 -6 ------- Run | Yrd Mat Min Exi Min Mat Fac Low Low Zio Pro Peak Influence 565 | . 296 157 . . 565 250 . . . . Initial 167 | . . 37 . . . 167 . . . . Average 128 | . 149 112 . . 163 145 . . . . Maximum Alert Level 2 | . 1 . . . 2 1 . . . . Low Security (%) 81 | 100 52 100 . 100 74 89 . . . . Level 1 12 | . 47 . . . 9 10 . . . . Level 2 6 | . . . . . 15 . . . . . Level 3 . | . . . . . . . . . . . Level 4 . | . . . . . . . . . . . Level 5 . | . . . . . . . . . . . High Security . | . . . . . . . . . . . Max Security . | . . . . . . . . . . . Squads Dispatched 17 | . 3 . . . 12 1 . . . 1 Investigation 2 | . 2 . . . . . . . . . Extermination 1 | . . . . . . 1 . . . . Reinforcement 7 | . 1 . . . 6 . . . . . Assault 1 | . . . . . . . . . . 1 Garrison 6 | . . . . . 6 . . . . . Intercept . | . . . . . . . . . . . Searches Triggered . | . . . . . . . . . . . Construction Impeded 1 | . . . . . 1 . . . . . Haulers Reinforced . | . . . . . . . . . . . Active Scanning Responses . | . . . . . . . . . . . Cargo Convoy Interrupts . | . . . . . . . . . . . Stealth | -11 -10 -10 -10 -9 -8 -7 -7 -7 -7 -6 --------- Run | Yrd Mat Min Exi Min Mat Fac Low Low Zio Pro Distress Signals 6 | . 2 . . . 4 . . . . . Communications Jammed . | . . . . . . . . . . . Distress Signals . | . . . . . . . . . . . Times Spotted 110 | . 12 4 . . 50 10 18 8 1 7 Peak Tracking Total 12 | . 4 2 . . 5 3 12 4 1 10 Tactical Retreats 3 | . . . . . 1 . 2 . . . Traps | -11 -10 -10 -10 -9 -8 -7 -7 -7 -7 -6 ------- Run | Yrd Mat Min Exi Min Mat Fac Low Low Zio Pro Traps Triggered 2 | . . . . . . 2 . . . . Indirectly . | . . . . . . . . . . . Trap Hack Attempts . | . . . . . . . . . . . Triggered . | . . . . . . . . . . . Disarmed . | . . . . . . . . . . . Reprogrammed 4 | . 4 . . . . . . . . . Reused 1 | . 1 . . . . . . . . . Traps Extracted . | . . . . . . . . . . . Installed . | . . . . . . . . . . . Triggered 1 | . 1 . . . . . . . . . Machines | -11 -10 -10 -10 -9 -8 -7 -7 -7 -7 -6 ---------- Run | Yrd Mat Min Exi Min Mat Fac Low Low Zio Pro Machines Disabled 6 | . . . . . . 6 . . . . Max in Single Turn 2 | . . . . . . 2 . . . . Machines Repaired . | . . . . . . . . . . . Machines Dismantled . | . . . . . . . . . . . Machines Sabotaged . | . . . . . . . . . . . Overloaded Fab Kills . | . . . . . . . . . . . Hacking | -11 -10 -10 -10 -9 -8 -7 -7 -7 -7 -6 --------- Run | Yrd Mat Min Exi Min Mat Fac Low Low Zio Pro Machines Accessed 12 | . 4 . 4 1 2 1 . . . . Terminals 7 | . 3 . . 1 2 1 . . . . Fabricators . | . . . . . . . . . . . Repair Stations . | . . . . . . . . . . . Recycling Units 1 | . 1 . . . . . . . . . Scanalyzers . | . . . . . . . . . . . Garrison Access . | . . . . . . . . . . . Total Hacks 58 | . 18 . 27 3 8 2 . . . . Successful 40 | . 9 . 27 1 3 . . . . . Failed 18 | . 9 . . 2 5 2 . . . . Catastrophic 1 | . . . . . 1 . . . . . Database Lockouts . | . . . . . . . . . . . Manual 21 | . 8 . 1 3 7 2 . . . . Terminals 30 | . 17 . . 3 8 2 . . . . Fabricators . | . . . . . . . . . . . Repair Stations . | . . . . . . . . . . . Recycling Units 1 | . 1 . . . . . . . . . Scanalyzers . | . . . . . . . . . . . Garrison Access . | . . . . . . . . . . . Terminal Hacks 34 | . 5 . 27 . 2 . . . . . Record 26 | . . . 26 . . . . . . . Branch Access Points 1 | . 1 . . . . . . . . . Recycling Unit Index 1 | . 1 . . . . . . . . . Alert Level 1 | . . . . . 1 . . . . . Unreport Threat 1 | . . . . . 1 . . . . . Locate Traps 1 | . 1 . . . . . . . . . Reprogram Traps 1 | . 1 . . . . . . . . . Zone Layout 1 | . 1 . . . . . . . . . Derelict Proto ID Bank 1 | . . . 1 . . . . . . . Fabricator Hacks . | . . . . . . . . . . . Repair Station Hacks . | . . . . . . . . . . . Recycling Unit Hacks . | . . . . . . . . . . . Scanalyzer . | . . . . . . . . . . . Garrison Access Hacks . | . . . . . . . . . . . Unauthorized Hacks 6 | . 4 . . 1 1 . . . . . Terminals 5 | . 3 . . 1 1 . . . . . Botnet 5 | . 3 . . 1 1 . . . . . Fabricators . | . . . . . . . . . . . Repair Stations . | . . . . . . . . . . . Recycling Units 1 | . 1 . . . . . . . . . Tunnel 1 | . 1 . . . . . . . . . Scanalyzers . | . . . . . . . . . . . Garrison Access . | . . . . . . . . . . . Data Cores Recovered . | . . . . . . . . . . . Used . | . . . . . . . . . . . Hacking Detections 6 | . 2 . . 1 2 1 . . . . Full Trace Events 1 | . . . . . 1 . . . . . Feedback Events . | . . . . . . . . . . . Feedback Blocked . | . . . . . . . . . . . Robot Schematics Acquired 4 | . . . . . . . . . 4 . Robots Built . | . . . . . . . . . . . Authchips . | . . . . . . . . . . . Time . | . . . . . . . . . . . Total Robot Build Rating . | . . . . . . . . . . . Part Schematics Acquired 15 | . . . . . . . . . 15 . Parts Built . | . . . . . . . . . . . Authchips . | . . . . . . . . . . . Time . | . . . . . . . . . . . Total Part Build Rating . | . . . . . . . . . . . Parts Repaired . | . . . . . . . . . . . Time . | . . . . . . . . . . . Parts Recycled . | . . . . . . . . . . . Recycled Matter . | . . . . . . . . . . . Retrieved Matter . | . . . . . . . . . . . Retrieved Components . | . . . . . . . . . . . Parts Scanalyzed . | . . . . . . . . . . . Part Schematics Acquired . | . . . . . . . . . . . Parts Damaged . | . . . . . . . . . . . Bothacking | -11 -10 -10 -10 -9 -8 -7 -7 -7 -7 -6 ------------ Run | Yrd Mat Min Exi Min Mat Fac Low Low Zio Pro Used RIF Installer . | . . . . . . . . . . . Robots Hacked . | . . . . . . . . . . . Non-combat . | . . . . . . . . . . . Combat . | . . . . . . . . . . . Robot Hacks Applied . | . . . . . . . . . . . Relay Couplers Released . | . . . . . . . . . . . Fabnet Peak Effective % . | . . . . . . . . . . . Robots Rewired . | . . . . . . . . . . . Allies Hacked . | . . . . . . . . . . . Hacks Repelled . | . . . . . . . . . . . Allies | -11 -10 -10 -10 -9 -8 -7 -7 -7 -7 -6 -------- Run | Yrd Mat Min Exi Min Mat Fac Low Low Zio Pro Total Allies 3 | . . . . 3 . . . . . . Largest Group 3 | . . . . 3 3 . . . . . Highest-Rated Group 40 | . . . . 40 40 . . . . . Highest-Rated Ally 16 | . . . . 16 16 . . . . . Total Orders . | . . . . . . . . . . . Ally Attacks 24 | . . . . . 24 . . . . . Total Damage 273 | . . . . . 273 . . . . . Kills 2 | . . . . . 2 . . . . . Allies Corrupted . | . . . . . . . . . . . Allies Melted . | . . . . . . . . . . . Intel | -11 -10 -10 -10 -9 -8 -7 -7 -7 -7 -6 ------- Run | Yrd Mat Min Exi Min Mat Fac Low Low Zio Pro Robot Analysis Total . | . . . . . . . . . . . Derelict Logs Recovered . | . . . . . . . . . . . Drone Launches . | . . . . . . . . . . . Drone Recoveries . | . . . . . . . . . . . Exploration | -11 -10 -10 -10 -9 -8 -7 -7 -7 -7 -6 ------------- Run | Yrd Mat Min Exi Min Mat Fac Low Low Zio Pro Turns Passed 6906 | 82 420 164 318 438 1314 946 892 391 1739 202 Spaces Moved 3888 | 52 254 108 282 315 409 490 587 210 1058 123 Core 8 | 8 . . . . . . . . . . Treads 1716 | 6 . . . . 134 111 75 210 1057 123 Legs 339 | 38 254 47 . . . . . . . . Wheels 1825 | . . 61 282 315 275 379 512 . 1 . Hover . | . . . . . . . . . . . Flight . | . . . . . . . . . . . Fastest Speed 50 | 50 120 95 110 125 110 110 125 163 140 163 Average Speed 147 | 113 120 113 111 125 158 163 142 163 162 163 Slowest Speed 250 | 160 120 120 125 125 250 250 163 163 163 163 Overloaded Moves . | . . . . . . . . . . . Propulsion Burnouts . | . . . . . . . . . . . Robots Hopped . | . . . . . . . . . . . Cave-ins Triggered . | . . . . . . . . . . . Exploration Rate (%) 41 | 5 40 21 62 74 36 11 60 43 86 22 Regions Visited 10 Branch Regions 7 Pre-discovered Areas 4 | . 1 . . . . . . . 3 . Known Exits Taken 6 | . 1 . . . 1 1 1 1 1 . Unknown Exits Taken 4 | 1 . 1 1 1 . . . . . . Scrap Searched 6 | . . . . 1 . . 1 1 3 . Spaces Dug 2 | . 1 . . . . 1 . . . . Terrain Destroyed 20 | . 2 . . . 1 5 6 3 . 3 Melee . | . . . . . . . . . . . Projectile 20 | . 2 . . . 1 5 6 3 . 3 AOE . | . . . . . . . . . . . Terrain Rammed . | . . . . . . . . . . . Walls Destroyed . | . . . . . . . . . . . Machines Disabled . | . . . . . . . . . . . Actions | -11 -10 -10 -10 -9 -8 -7 -7 -7 -7 -6 --------- Run | Yrd Mat Min Exi Min Mat Fac Low Low Zio Pro Total 4661 | 72 317 139 285 359 844 574 637 238 1072 124 Wait 333 | . 17 13 . 45 206 21 30 . 1 . Move 3878 | 51 253 107 281 314 408 489 586 209 1057 123 Hop . | . . . . . . . . . . . Pick Up 72 | 9 7 2 1 . 29 8 7 3 6 . Fast Attach 13 | 3 3 2 1 . 2 . . 1 1 . Attach 35 | 4 1 . . . 14 10 5 1 . . Detach 1 | 1 . . . . . . . . . . Swap 32 | 1 4 2 . . 18 3 . 2 1 1 Drop 38 | 2 6 6 2 . 15 2 . . 5 . Fire 252 | 1 26 7 . . 152 35 9 22 . . Melee 1 | . . . . . . . . . 1 . Ram . | . . . . . . . . . . . Kick . | . . . . . . . . . . . Crush . | . . . . . . . . . . . Escape Stasis 6 | . . . . . . 6 . . . . Rewire . | . . . . . . . . . . . Trap . | . . . . . . . . . . . Miscellaneous . | . . . . . . . . . . . Route ------- -11/Scrapyard -10/Materials (discovered 2 exits: *Min x2) -10/Mines (discovered 3 exits: [*Mat x2] / *Exi) -10/Exiles -9/Mines -8/Materials -7/Factory -7/Lower Caves -7/Lower Caves -7/Zion -6/Proximity Caves History --------- Turn | Location | Event 10 | -11/Scrapyard | Discovered new exit (range 16) 83 | -11/Scrapyard | Entered Materials 341 | -10/Materials | Build established: Mutant 399 | -10/Materials | Identified exit to Mines 503 | -10/Materials | Entered Mines 540 | -10/Mines | Discovered new exit (range 15) 583 | -10/Mines | Found Prototype Storage 584 | -10/Mines | Identified YI-UF0's Bottomless Matter Pit 619 | -10/Mines | Discovered new exit (range 10) 662 | -10/Mines | Deemed a non-threat by the Exiles lab entrance 662 | -10/Mines | Discovered new exit (range 5) 667 | -10/Mines | Entered Exiles 694 | -10/Exiles | Met 8R-AWN 713 | -10/Exiles | Met EX-HEX 749 | -10/Exiles | Met EX-BIN 762 | -10/Exiles | Aligned with FarCom system 763 | -10/Exiles | Given EX-Vault access code 799 | -10/Exiles | Opened EX-Vault 833 | -10/Exiles | Found AWS/Thermal 846 | -10/Exiles | Exiles lab attacked by MAIN.C 968 | -10/Exiles | Discovered new exit (range 14) 985 | -10/Exiles | Left Exiles lab with AWS/Thermal 985 | -10/Exiles | Entered Mines 1153 | -9/Mines | Received a Rocket Launcher from a helpful Derelict 1394 | -9/Mines | Assisted by bots powering up and referring to "LRC-V3" 1417 | -9/Mines | Discovered new exit (range 3) 1423 | -9/Mines | Entered Materials 1423 | -8/Materials | Accompanied by 3 allies 1423 | -8/Materials | Evolved 4 slots: Propulsion x2, Utility x2 1608 | -8/Materials | Lost 3 allies 1995 | -8/Materials | Build established: Scavenger-Mutant 2003 | -8/Materials | Garrison activated, responded to threat 2361 | -8/Materials | Garrison activated, responded to threat 2398 | -8/Materials | Lost 3 parts (1p1n1u) 2604 | -8/Materials | Destroyed 12 combat bots 2612 | -8/Materials | Lost 3 parts (1p1n1w) 2657 | -8/Materials | Discovered new exit (range 10) 2735 | -8/Materials | Identified exit to Factory 2737 | -8/Materials | Entered Factory 2737 | -7/Factory | Evolved 2 slots: Utility x1, Weapon x1 2778 | -7/Factory | Discovered new exit (range 14) 2796 | -7/Factory | Identified exit to Lower Caves 3036 | -7/Factory | Build established: Scavenger-Skirmisher 3356 | -7/Factory | Lost 5 parts (3n2w) 3584 | -7/Factory | Build established: Mutant 3683 | -7/Factory | Entered Lower Caves 3693 | -7/Lower Caves | Ambushed by wild Derelicts 3700 | -7/Lower Caves | Attracted the attention of an 0b10 outpost 3779 | -7/Lower Caves | Destroyed 8 combat bots 4085 | -7/Lower Caves | Build established: Scavenger-Tank 4558 | -7/Lower Caves | Discovered new exit (range 9) 4574 | -7/Lower Caves | Identified exit to Lower Caves 4575 | -7/Lower Caves | Entered another Lower Caves area 4584 | -7/Lower Caves | AWS/Thermal suddenly broke down 4949 | -7/Lower Caves | Discovered new exit (range 10) 4965 | -7/Lower Caves | Identified exit to Zion 4966 | -7/Lower Caves | Entered Zion 5014 | -7/Zion | Found CR-A16's Pointy Stick 5114 | -7/Zion | Build established: Scavenger-Mutant 5147 | -7/Zion | System corruption cleaned by Quarantine Array 5248 | -7/Zion | Given the Hacking Drone Bay 5248 | -7/Zion | Found Prototype Device 5365 | -7/Zion | Learned Factory emergency access door positions 5459 | -7/Zion | Learned location of Armory (-3) 5646 | -7/Zion | Acquired unknown access codes intercepted by a Zionite 5713 | -7/Zion | Rebuked by Imprinter 6157 | -7/Zion | Given A8's code to call for help 6185 | -7/Zion | Learned location of Data Miner (-6) 6297 | -7/Zion | Received a hallucinogenic algorithm 6646 | -7/Zion | Discovered new exit (range 11) 6701 | -7/Zion | Identified exit to Proximity Caves 6705 | -7/Zion | Entered Proximity Caves 6899 | -6/Proximity Caves | Attracted the attention of an 0b10 outpost 6900 | -6/Proximity Caves | Core integrity fell below 50% 6906 | -6/Proximity Caves | AWS/Thermal suddenly broke down 6907 | -6/Proximity Caves | Self-destructed Last Messages --------------- 06415_ 1U-IQX(z) fiddles with the Twisted Machinery. 06439_ V9-MA4(z) fiddles with the Twisted Machinery. 06451_ P3-2ZX(z) fiddles with the Twisted Machinery. 06464_ P3-2ZX(z) plays with the Twisted Machinery. 06471_ CY-C92(z) scatters some of the Twisted Machinery. 06527_ ON-BE9(z) pokes at the Twisted Machinery. 06530_ V1-OZA(z) fiddles with the Twisted Machinery. 06538_ ON-BE9(z) pokes at the Twisted Machinery. 06541_ ON-BE9(z) toys with the Twisted Machinery. 06646_ EXIT=FOUND 06701_ EXIT=IDENTIFIED: PROXIMITY CAVES LOCATION=PROXIMITY CAVES GOAL=ESCAPE 06898_ Slug penetrates Wall. 06899_ Y-64 Sentinel: "DETECTED UNIDENTIFIED DERELICT." 06903_ Y-64 Sentinel: "REQUESTING BACKUP." 06903_ S-27 Virus destroyed. 06904_ B-48 Gladiator destroyed. 06905_ Slug penetrates Wall. 06906_ AWS/Thermal suddenly breaks down. Map ----- +----------------------------------------------------+ | ?????????????????????????????????????????????????? | | ?????????????????????????????????????????????????? | | ???????????????????###???????????????????????????? | | #####?????????????## ##??????????????????????????? | | #?????????????# #??????????????????????????? | | ##???????????## #??????????????????????????? | | ##??????????# #??????????????????????????? | | #????##????# ##??????????????????????????? | | #?????# ????# #???????????????????????????? | | #??????# ??## #???????????????????????????? | | ##??????# #?# #???????????????????????????? | | #???????# ## #???????????????????????????? | | ###?????# #???????????????????????????? | | #?????## #???????????????????????????? | | ## #????## #???????????????????????????? | | #?# #????# ##??###?????????????????????? | | #??## #????# #### #?????????????????????? | | ##???##????## ##????????????????????? | | #???##?????## ##???????????????????? | | #??## ##????#### #???????????????????? | | #??# ####???## ### ####????????????????? | | ##??# ##### ####?# #????????????????? | | #???# ##???# ## #????????????????? | | ?????# ##### ## ## ## #???????? | | ####### s #??????? | | ## @ sgb%Y #??????? | | ###;;####" ????? | | ##### #???##???????? ?????? | | ## ###???# ## #????????????????????? | | ## ######?????# ## #????????????????????? | | ### #??????????## ### #???????????????????? | | #?#####???????????## ##?# ??????????????????? | | ???????????????????###?? ??????????????????? | | ???????????????????????? ####??????????????????? | | ??????????????????????? #?????????????????????? | | ??????????????????????? #?????????????????????? | | ?????????????????????? #?????????????????????? | | ?????????????????????? ##?????????????????????? | | ?????????????????????? ###???????????????????????? | | ?????????????????????????????????????????????????? | | ?????????????????????????????????????????????????? | | ?????????????????????????????????????????????????? | | ?????????????????????????????????????????????????? | | ?????????????????????????????????????????????????? | | ?????????????????????????????????????????????????? | | ?????????????????????????????????????????????????? | | ?????????????????????????????????????????????????? | | ?????????????????????????????????????????????????? | | ?????????????????????????????????????????????????? | | ?????????????????????????????????????????????????? | +----------------------------------------------------+ Best States ------------- Heat Dissipation 34 Energy Generation 17 Energy Capacity 300 Matter Stores 704 Matter Capacity 1800 Sight Range 16 Robot Scan Range 14 Terrain Scan Density 10 Armor Coverage 150 Utility Shielding 66 Weapon Shielding 33 Evasion (%) 55 Recoil Reduction 3 Defensive Hacking 10 Item Schematics ----------------- Proton Cannon | -7/Zion | Archive Lyr. Light Armor Plating | -7/Zion | Archive Lyr. Medium Armor Plating | -7/Zion | Archive Flak Gun | -7/Zion | Archive Arm. Huge Wheel | -7/Zion | Archive Enh. Optical Array | -7/Zion | Archive Imp. Launcher Guidance Computer | -7/Zion | Archive Powered Hammer | -7/Zion | Archive Nuclear Pulse Thruster | -7/Zion | Archive Imp. Shield Generator | -7/Zion | Archive Adv. Terrain Scanner | -7/Zion | Archive Energy Filter | -7/Zion | Archive Hyp. Gauss Rifle | -7/Zion | Archive Adv. ECM Suite | -7/Zion | Archive Imp. Recalibrator | -7/Zion | Archive Robot Schematics ------------------ L-41 Fighter | -7/Zion | Archive R-06 Scavenger | -7/Zion | Archive W-25 Informer | -7/Zion | Archive X-82 Rainmaker | -7/Zion | Archive Fabricated ------------ Nothing Alien Tech Used ----------------- None Achievements -------------- None Challenges ------------ None Game ------ Seed HugeVortexReconstructor Manual? 0 Play Time 00:52:34 Cumulative 54.4 hours Start 2024.09.20 @ 23:50:29 End 2024.09.21 @ 02:23:57 Sessions 2 Manual Loads 0 Difficulty Rogue Special Mode None Game No. 110 Rogue 110 Adventurer 0 Explorer 0 Win Type - Total 0 Types 0/0/0/0/0/0/0/0/0 Lore% 27 Gallery% 48 Achievement% 40 Wizard Run 0 Options --------- Layout 1 ASCII 0 Keyboard 0 Movement Mouse Keybinds 0 Fullscreen 0 Font 18/SmallcapsGlow Map View 64x42 Zoom Use 0% Tactical HUD 1 Map Filters NONE Filters NONE Steam 1 RUN: 02c4172a-8808-4c17-9827-94d3852f867d